 Dungeon Crawl Stone Soup version 0.27-a0-1597-ge58577e147 (webtiles) character file.

Game seed: 9377459590356011815

2861 DocSulfur the Grappler (level 9, -9/76 HPs)
             Began as a Troll Hunter on July 21, 2021.
             Was a Believer of Okawaru.
             Mangled by a large slime creature (42 damage)
             ... on level 7 of the Dungeon.
             The game lasted 00:09:39 (5969 turns).

DocSulfur the Grappler (Troll Hunter)               Turns: 5969, Time: 00:09:41

Health: -9/76      AC:  4    Str: 23    XL:     9   Next: 47%
Magic:  8/8        EV: 10    Int:  7    God:    Okawaru [**....]
Gold:   262        SH:  0    Dex: 12    Spells: 8/8 levels left

rFire    + . .     SeeInvis .     - Unarmed
rCold    + . .     Faith    .   (no shield)
rNeg     . . .     Spirit   .   b - +0 robe
rPois    .         Reflect  .   (helmet restricted)
rElec    .         Harm     .   k - scarf {rC+ rF+}
rCorr    .         Rampage  .   (gloves unavailable)
Will     .....                  (boots unavailable)
Stlth    +.........             (no amulet)
HPRegen  1.22/turn              (no ring)
MPRegen  0.11/turn              (no ring)

@: no status effects
A: large, unfitting armour, claws 3, regeneration 1, shaggy fur 1, tough skin 1
a: Renounce Religion, Heroism


You were on level 7 of the Dungeon.
You worshipped Okawaru.
Okawaru was pleased with you.
You visited 2 branches of the dungeon, and saw 8 of its levels.

You collected 262 gold pieces.

Inventory:

Missiles
 c - 3 large rocks (quivered)
 d - 2 throwing nets
 o - 4 boomerangs of dispersal
 p - 41 poisoned darts
Armour
 b - a +0 robe (worn)
 k - a scarf of resistance (worn)
Wands
 g - a wand of flame (11)
 q - a wand of mindburst (17)
Scrolls
 e - a scroll of vulnerability
 f - a scroll of enchant armour
 h - 2 scrolls of identify
 j - 4 scrolls of teleportation
 s - a scroll of blinking
Potions
 a - 2 potions of ambrosia
 i - 2 potions of heal wounds
 l - a potion of haste
 m - a potion of brilliance


   Skills:
 - Level 1.5 Fighting
 + Level 8.6 Throwing
 - Level 1.5 Dodging
 - Level 0.3 Stealth
 - Level 10.0 Unarmed Combat


You had 8 spell levels left.
You didn't know any spells.
Your spell library contained the following spells:

 Spells                   Type           Power      Damage    Failure   Level
 Slow                     Hex            0%         N/A       56%         2
 Confusing Touch          Hex            0%         N/A       80%         3
 Yara's Violent Unravell  Hex/Tmut       0%         3d3       100%        5


Dungeon Overview and Level Annotations

Branches:
Dungeon (7/15)             Temple (1/1) D:4

Altars:
Ashenzari
Cheibriados
Dithmenos
Elyvilon
Fedhas
Hepliaklqana
Kikubaaqudgha
Makhleb
Nemelex Xobeh
Okawaru
Qazlal
Ru
Sif Muna
Trog
Uskayaw
Vehumet
Wu Jian
Xom
Yredelemnul
Zin
The Shining One

Shops:
D:5 [


Innate Abilities, Weirdness & Mutations

You are too large for most types of armour.
You have claws for hands.
Your natural rate of healing is unusually fast.
You are covered in fur. (AC +1)
You have tough skin. (AC +1)


Message History

You mangle the slime creature!!
The slime creature is heavily wounded.
The centaur skeleton closely misses you.
The centaur skeleton kicks you but does no damage.
The slime creature hits you! The centaur skeleton hits you.
The centaur skeleton kicks you. The slime creature hits you!
* * * LOW HITPOINT WARNING * * *
The slime creature barely misses you.
Two slime creatures merge to form a large slime creature.
The centaur skeleton hits you but does no damage.
The centaur skeleton completely misses you.
The centaur skeleton closely misses you.
The centaur skeleton kicks you.
You scratch the centaur skeleton.
The centaur skeleton is heavily damaged.
The centaur skeleton closely misses you.
The centaur skeleton kicks you but does no damage.
The centaur skeleton hits you but does no damage.
The centaur skeleton kicks you but does no damage.
The large slime creature hits you!!!
Ouch! That really hurt!
* * * LOW HITPOINT WARNING * * *
The centaur skeleton hits you.
* * * LOW HITPOINT WARNING * * *
The centaur skeleton barely misses you. The centaur skeleton barely misses you.
The centaur skeleton kicks you but does no damage.
Throw: 4 large rocks
Press: ? - help, Q - select action, (/) - cycle Shift-Dir - straight line, f - large slime creature
Aim: a large slime creature (moderately wounded, 83% to hit)
You throw a large rock.
The large rock hits the large slime creature!!
The large slime creature is heavily wounded.
You scratch the large slime creature.
The large slime creature is heavily wounded.
The centaur skeleton hits you.
The centaur skeleton closely misses you.
The large slime creature hits you!!!
Ouch! That really hurt!
You die...

...##....##.#..###.#.###.##
$...........#...#.##.##....
#Z.......#......#######...
...#...#.###...#.#.# ##...
#Z...##..#.##.......###.#.#
...##..#................#..
.. #...#..###.....#......#
.#.......###..#...##....
........@Z.#...#...##...)
#..#.....J.....#.#.......
#..###...........###....##
... #.##...(....###......
.. .............##.......
##...........#...##.#..
#..##..............### ...
#................. .#
................###


You could see a large slime creature and a centaur skeleton.

Vanquished Creatures
  3 slime creatures (D:7)
  Eustachio (D:6)
  An ice beast (D:7)
  3 black bears (D:6)
  2 necrophages
  2 ogres (D:5)
  A centaur (D:5)
  2 bullfrogs
  3 scorpions
  A wyvern zombie (D:5)
  A wyvern skeleton (D:7)
  A water moccasin skeleton (D:6)
  2 centaur zombies
  4 hounds
  A jelly (D:5)
  4 orc priests
  A bullfrog skeleton (D:4)
  A gnoll shaman (D:2)
  A centaur skeleton (D:6)
  Jessica (D:3)
  2 iguanas
  Terence (D:3)
  6 orc wizards
  2 killer bee zombies (D:6)
  2 hound skeletons (D:4)
  6 gnolls
  5 adders
  2 ufetubi (D:5)
  2 worms (D:2)
  A dart slug (D:1)
  16 orcs
  5 ball pythons
  3 bats (D:2)
  6 endoplasms
  A giant cockroach (D:2)
  7 goblins
  3 hobgoblins
  6 jackals
  6 quokkas
  2 frilled lizards
  6 kobolds
  3 rats
129 creatures vanquished.

Vanquished Creatures (others)
  4 toadstools (D:1)
4 creatures vanquished.

Grand Total: 133 creatures vanquished

Notes
Turn   | Place    | Note
-------+----------+-------------------------------------------
     0 | D:1      | DocSulfur the Troll Hunter began the quest for the Orb.
     0 | D:1      | Reached XP level 1. HP: 19/19 MP: 0/0
   302 | D:1      | Reached skill level 1 in Unarmed Combat
   381 | D:1      | Found a faded altar of an unknown god.
   429 | D:1      | Reached XP level 2. HP: 27/27 MP: 1/1
   860 | D:2      | Reached skill level 2 in Unarmed Combat
   860 | D:2      | Reached XP level 3. HP: 21/33 MP: 2/2
   891 | D:2      | Reached skill level 3 in Unarmed Combat
   891 | D:2      | Reached XP level 4. HP: 11/41 MP: 3/3
  1684 | D:3      | Noticed Jessica
  1688 | D:3      | Killed Jessica
  1796 | D:3      | Noticed a necrophage
  1801 | D:3      | Killed a necrophage
  1802 | D:3      | Reached skill level 4 in Unarmed Combat
  1802 | D:3      | Reached XP level 5. HP: 40/48 MP: 4/4
  1852 | D:3      | Noticed Terence
  1870 | D:3      | Killed Terence
  1896 | D:3      | Found a sacrificial altar of Ru.
  1920 | D:3      | Found a broken altar of Ashenzari.
  1997 | D:3      | Reached XP level 6. HP: 27/55 MP: 5/5
  2066 | D:3      | Reached skill level 5 in Unarmed Combat
  2235 | D:3      | Reached skill level 5 in Throwing
  2733 | D:4      | Reached XP level 7. HP: 61/62 MP: 6/6
  2825 | D:4      | Reached skill level 6 in Unarmed Combat
  2850 | D:5      | Entered Level 5 of the Dungeon
  3100 | D:5      | Found a radiant altar of Vehumet.
  3232 | D:5      | Found Vithraskusk's Armour Emporium.
  3317 | D:5      | Reached skill level 7 in Unarmed Combat
  3411 | D:5      | Reached XP level 8. HP: 70/70 MP: 7/7
  3460 | D:5      | Found a bloodstained altar of Trog.
  3505 | D:5      | Found an iron altar of Okawaru.
  3512 | D:5      | Found a snail-covered altar of Cheibriados.
  3512 | D:5      | Found an ancient bone altar of Kikubaaqudgha.
  3919 | D:4      | Found a staircase to the Ecumenical Temple.
  3952 | D:4      | Reached skill level 8 in Unarmed Combat
  4224 | Temple   | Entered the Ecumenical Temple
  4564 | D:5      | Became a worshipper of Warmaster Okawaru
  4715 | D:6      | Noticed Eustachio
  4735 | D:6      | Killed Eustachio
  4822 | D:6      | Reached skill level 9 in Unarmed Combat
  4838 | D:6      | Found a shimmering altar of Xom.
  4933 | D:6      | Found a blossoming altar of Fedhas.
  4969 | D:6      | Reached * piety under Okawaru
  4992 | D:6      | Found a shimmering blue altar of Sif Muna.
  5492 | D:7      | Reached XP level 9. HP: 71/76 MP: 8/8
  5793 | D:6      | Reached skill level 10 in Unarmed Combat
  5880 | D:7      | Reached ** piety under Okawaru
  5969 | D:7      | Mangled by a large slime creature

Illustrated notes

Levels and vault maps discovered:
D:1:      ldierk_water_garden, layout_basic, dilly_ecumenical_altar_fadedgnrine
D:2:      layout_basic
D:3:      layout_loops_ring, mainiacjoe_overflow_tiny_flanked,
          general_overflow_altar, uniq_terence, uniq_jessica
D:4:      layout_layer_cave, temple_statues, kennysheep_cross_room, hex_large,
          minivault_26
D:5:      layout_basic, nicolae_vehumet_altar_sigil, grunt_temple_overflow_open,
          serial_shops, nicolae_stop_n_shop_2
D:6:      layout_cave_pools, mainiacjoe_overflow_paths,
          mainiacjoe_overflow_alcove_1, nicolae_overflow_crystal_walls,
          uniq_eustachio
D:7:      layout_layer_cave
Temple:   minmay_temple_curvy_loop

Skill      XL: |  1  2  3  4  5  6  7  8  9 |
---------------+----------------------------+-----
Unarmed Combat | 1 2 3 4 5 7 9 10 | 10.0
Throwing       | 4 5 6 7 8 |  8.6
Fighting       | |  1.5
Dodging        | |  1.5
Stealth        | |  0.3

Action                   |  1- 3 |  4- 6 |  7- 9 || total
-------------------------+-------+-------+-------++-------
Melee: Unarmed           |    58 |   175 |   208 ||   441
       Punch             |       |     3 |     9 ||    12
Throw: Large rock        |       |       |     2 ||     2
  Use: Scroll            |     2 |     2 |     8 ||    12
       Potion            |     2 |       |       ||     2
 Stab: Sleeping          |       |     1 |       ||     1
Armor: Robe              |     7 |    60 |    83 ||   150
Dodge: Dodged            |    22 |    74 |   115 ||   211

Table legend: (Time is in decaauts)
 A = Elapsed time spent in this place.
 B = Non-inter-level travel time spent in this place.
 C = Inter-level travel time spent in this place.
 D = Time resting spent in this place.
 E = Time spent auto-exploring this place.
 F = Levels seen in this place.
 G = Mean time per level.
                   A        B        C        D        E       F      G
               +--------+--------+--------+--------+--------+-----+--------+
         Total |   5931 |   5508 |    423 |     57 |   4058 |   8 |  741.4 |
       Dungeon |   5627 |   5209 |    418 |     57 |   3863 |   7 |  803.9 |
        Temple |    303 |    298 |      5 |      0 |    195 |   1 |  303.0 |
               +--------+--------+--------+--------+--------+-----+--------+

Top non-repeatable levels by time:
     D:2: 979 daAuts
     D:5: 969 daAuts
     D:4: 831 daAuts
     D:3: 820 daAuts
     D:1: 790 daAuts
     D:6: 754 daAuts
     D:7: 482 daAuts
  Temple: 303 daAuts
